 Dungeon Crawl Stone Soup version 0.28.0-45-g0d030f2227 (webtiles) character file.

Game seed: 17174092750998797538

70 Revguard the Skirmisher (level 4, -4/48 HPs)
             Began as an Ogre Cinder Acolyte on Apr 22, 2022.
             Was a High Priest of Ignis.
             Killed by nerve-wracking pain
             ... invoked by Grinder
              (13 damage)
             ... on level 5 of the Dungeon.
             The game lasted 00:09:14 (2795 turns).

Revguard the Skirmisher (Ogre Cinder Acolyte)       Turns: 2795, Time: 00:09:15

Health: -4/48      AC:  3    Str: 18    XL:     4   Next: 22%
Magic:  7/7        EV:  9    Int: 15    God:    Ignis [*****.]
Gold:   168        SH:  0    Dex:  6    Spells: 5/7 levels left

rFire   + . .      SeeInvis .   a - -1 spear (flame)
rCold   . . .      Faith    .   i - orb {light}
rNeg    . . .      Spirit   .   b - +0 robe
rPois   .          Reflect  .   (helmet restricted)
rElec   .          Harm     .   (no cloak)
rCorr   .          Rampage  .   (gloves unavailable)
Will    .....                   (boots unavailable)
Stlth   +.........              (no amulet)
HPRegen 0.16/turn               j - ring of flight
MPRegen 0.10/turn               (no ring)

@: lethally poisoned (-4 -> -7), flying, glowing
A: large, unfitting armour, tough skin 1
a: Renounce Religion, Fiery Armour, Foxfire Swarm, Rising Flame


You were on level 5 of the Dungeon.
You worshipped Ignis.
Ignis was extremely pleased with you.
You visited 1 branch of the dungeon, and saw 4 of its levels.

You collected 168 gold pieces.

Inventory:

Hand Weapons
 a - a -1 spear of flaming (weapon)
Armour
 b - a +0 robe (worn)
 i - an orb of light (worn)
Jewellery
 j - a ring of flight (left hand)
Wands
 g - a wand of iceblast (8)
Potions
 c - a potion of mutation
 d - a potion of flight {unknown}
 f - a potion of lignification {unknown}
 h - a potion of cancellation {unknown}
 k - a potion of berserk rage {unknown}


   Skills:
 + Level 4.3 Fighting
 - Level 3.0(3.1) Polearms
 + Level 1.1(2.2) Staves
 + Level 1.1 Armour
 + Level 0.9 Dodging
 * Level 2.1 Spellcasting
 + Level 0.3 Conjurations
 + Level 3.0 Fire Magic
 + Level 0.0 Evocations


You had 5 spell levels left.
You knew the following spells:

 Your Spells              Type           Power      Damage    Failure   Level
a - Scorch                Fire           20%        2d6       10%         2

Your spell library contained the following spells:

 Spells                   Type           Power      Damage    Failure   Level
 Gell's Gravitas          Tloc           1%         N/A       54%         3
 Teleport Other           Tloc           1%         N/A       54%         3
 Dispersal                Tloc           0%         N/A       100%        6


Dungeon Overview and Level Annotations

Branches:
Dungeon (3/15)

Altars:
Vehumet
Wu Jian

Annotations:
D:5 Grinder, Ijyb


Innate Abilities, Weirdness & Mutations

You are too large for most types of armour.
You have tough skin. (AC +1)


Message History

The worm is severely wounded.
Casting: Scorch (safe; 10% risk of failure)
Press: ? - help, Q - select action, (/) - cycle Dir - look around, f - activate Flames lash the worm.
The worm is burned terribly!
The worm is almost dead.
Reach: a) -1 spear (flame)
Press: ? - help, Dir - move target, f - worm
Aim: a worm (almost dead, more vulnerable to fire, haloed, about 3% to evade your -1 spear of flaming)
You reach to attack!
You hit the worm but do no damage.
The worm is almost dead.
You hit the worm. You burn the worm.
You kill the worm!
Found an ornate altar of the Wu Jian Council.
A sourceless malevolence fills the Dungeon...
You are sucked into a shaft and drop 2 floors!
The shaft crumbles and collapses.
Ijyb, Grinder and a scorpion come into view.
Ijyb is wielding a +0 dagger and carrying a wand of digging (5).
Ijyb shouts!
Grinder shouts!
Found 34 stones.
As you read the scroll labelled NOTI HOPLAGEK, it crumbles to dust.
It is a scroll of identify.
c - a potion of mutation The scorpion stings you.
You are poisoned.
The scorpion poisons you!
You feel very sick. The scorpion stings you.
You feel sick. Ijyb hits you with a +0 dagger.
You feel sick. Ijyb hits you with a +0 dagger.
You feel sick. The scorpion stings you. Ijyb hits you with a +0 dagger.
You feel sick. Grinder gestures at you. Pain shoots through your body!
* * * LOW HITPOINT WARNING * * *
You feel sick.
You feel sick. Grinder gestures at you. Pain shoots through your body!
You die...

#########
####s......#
#.@.5(.....#
#.##g......#
#.#........#
#.#........#
#######....#
#....#
....(# ####


You could see Grinder, Ijyb and a scorpion.

Vanquished Creatures
  An adder (D:2)
  A dart slug (D:1)
  3 worms
  3 endoplasms
  4 giant cockroaches
  4 goblins
  5 hobgoblins
  4 jackals (D:2)
  3 quokkas (D:1)
  4 ball pythons
  7 bats
  2 frilled lizards
  A kobold (D:2)
  5 rats
47 creatures vanquished.

Vanquished Creatures (others)
  A plant (D:3)
1 creature vanquished.

Grand Total: 48 creatures vanquished

Notes
Turn   | Place    | Note
-------+----------+-------------------------------------------
     0 | D:1      | Revguard the Ogre Cinder Acolyte began the quest for the
                  | Orb.
     0 | D:1      | Reached XP level 1. HP: 24/24 MP: 2/2
   132 | D:1      | Reached XP level 2. HP: 7/32 MP: 4/4
   383 | D:1      | Learned a level 2 spell: Scorch
  1162 | D:1      | Reached XP level 3. HP: 39/39 MP: 2/5
  1712 | D:2      | Reached skill level 1 in Armour
  2031 | D:2      | Reached skill level 1 in Staves
  2298 | D:2      | Reached XP level 4. HP: 48/48 MP: 4/7
  2456 | D:2      | Found a faded altar of an unknown god.
  2582 | D:3      | Found a radiant altar of Vehumet.
  2786 | D:3      | Found an ornate altar of the Wu Jian Council.
  2787 | D:3      | You are sucked into a shaft and drop 2 floors!
  2787 | D:5      | Entered Level 5 of the Dungeon
  2787 | D:5      | Noticed Ijyb
  2787 | D:5      | Noticed Grinder
  2787 | D:5      | Noticed a scorpion
  2795 | D:5      | Killed from afar by Grinder

Illustrated notes

Levels and vault maps discovered:
D:1:      lemuel_arrival_cross, layout_loops_corners, minmay_pentomino_p4
D:2:      layout_rooms, hellmonk_ecumenical_altar_inner_sanctum,
          chequers_serial_rivers_room_a
D:3:      layout_loops_ring, mainiacjoe_overflow_chevrons,
          nicolae_vehumet_radiance, chequers_big_river, minmay_checkerbox,
          uniq_pargi
D:5:      layout_basic, minmay_temple_entry_arrows, grunt_ministairs_9,
          minmay_misc_feat_doors, amcnicky_mini_corridor_feature, uniq_ijyb,
          uniq_grinder, uniq_eustachio

Skill      XL: |  1  2  3 |
---------------+----------+-----
Armour         | 1 |  1.1
Staves         | 1 |  1.1
Spellcasting   | 2 |  2.1
Fire Magic     | 3 |  3.0
Fighting       | |  4.3
Polearms       | |  3.0
Dodging        | |  0.9
Conjurations   | |  0.3

Action                   |  1- 3 |  4- 6 || total
-------------------------+-------+-------++-------
Melee: Spear             |    79 |     5 ||    84
 Cast: Scorch            |    31 |    10 ||    41
Invok: Fiery Armour      |     1 |       ||     1
  Use: Scroll            |       |     1 ||     1
Armor: Robe              |    18 |     1 ||    19
Dodge: Dodged            |    35 |     2 ||    37
